 Dungeon Crawl Stone Soup version 0.27-a0-1332-g84bddb5ca7 (webtiles) character file.

Game seed: 2189320334359803898

130 Brandom the Sneak (level 4, -4/37 HPs)
             Began as a Demonspawn Delver on June 25, 2021.
             Was an Initiate of Okawaru.
             Killed from afar by Natasha (6 damage)
             ... with a magic dart
             ... on level 4 of the Dungeon.
             The game lasted 00:03:31 (781 turns).

Brandom the Sneak (Demonspawn Delver)                Turns: 781, Time: 00:03:31

Health: -4/37      AC:  5    Str: 13    XL:     4   Next: 89%
Magic:  4/4        EV: 12    Int: 11    God:    Okawaru [......]
Gold:   0          SH:  0    Dex: 15    Spells: 3/3 levels left

rFire    . . .     SeeInvis .   a - +0 falchion
rCold    . . .     Faith    .   (no shield)
rNeg     . . .     Spirit   .   b - +0 leather armour
rPois    .         Reflect  .   (no helmet)
rElec    .         Harm     .   (no cloak)
rCorr    .         Rampage  .   (no gloves)
Will     .....                  (no boots)
Stlth    +++.......             (no amulet)
HPRegen  0.12/turn              (no ring)
MPRegen  0.09/turn              (no ring)

@: no status effects
A: yellow scales 1, demonic magic 1
a: Renounce Religion


You were on level 4 of the Dungeon.
You worshipped Okawaru.
Okawaru was noncommittal.
You visited 2 branches of the dungeon, and saw 3 of its levels.

Inventory:

Hand Weapons
 a - a +0 falchion (weapon)
Missiles
 g - 11 poisoned darts (quivered)
Armour
 b - a +0 leather armour (worn)
Wands
 v - a wand of digging (3)
Scrolls
 c - a scroll of fog
 d - a scroll of magic mapping
Potions
 f - a potion of haste {@q3}


   Skills:
 * Level 4.0 Fighting
 * Level 3.0 Long Blades
 + Level 1.3 Armour
 + Level 2.5 Dodging
 - Level 4.5 Stealth


You had 3 spell levels left.
You didn't know any spells.
Your spell library was empty.

Dungeon Overview and Level Annotations

Branches:
Dungeon (5/15)             Temple (1/1) D:5

Altars:
Cheibriados
Dithmenos
Elyvilon
Fedhas
Hepliaklqana
Kikubaaqudgha
Makhleb
Okawaru
Trog
Uskayaw
Vehumet
Wu Jian
Yredelemnul
The Shining One

Annotations:
D:4 Natasha
D:5 Edmund


Innate Abilities, Weirdness & Mutations

You are partially covered in yellow scales. (AC +2)
Spells you cast may paralyse adjacent enemies.


Message History

The jackal bites you but does no damage.
You closely miss the jackal. The jackal closely misses you.
You riposte.
You hit the jackal.
You kill the jackal!
Okawaru accepts your kill. Natasha casts a spell at you.
The magic dart hits you.
You barely miss Natasha.
Natasha mewls in sadness.
Natasha barely misses you.
Throw: 13 darts (poison)
Aim: Natasha (53% to hit)
You throw a poisoned dart.
The poisoned dart closely misses Natasha.
Natasha closely misses you.
Throw: 12 darts (poison)
Aim: Natasha (53% to hit)
You throw a poisoned dart.
The poisoned dart closely misses Natasha.
Natasha mumbles some strange words.
Natasha's front paws start to glow.
Natasha stares at you and mumbles some strange words.
The magic dart hits you.
* * * LOW HITPOINT WARNING * * *
You closely miss Natasha.
Natasha stares at you and mumbles some strange words.
The magic dart hits you.
* * * LOW HITPOINT WARNING * * *
As you read the scroll of fear, it crumbles to dust.
You assume a fearsome visage.
Natasha resists with some effort.
The white imp is unaffected.
Natasha growls.
Natasha claws you.
* * * LOW HITPOINT WARNING * * *
Unknown command.
Natasha stares at you and mumbles some strange words.
The magic dart hits you!
* * * LOW HITPOINT WARNING * * *
Found a stone staircase leading down.
An orc comes into view. It is wielding a +0 club.
Natasha wildly gestures.
Natasha's front paws start to glow.
Natasha casts a spell at you. You resist with some effort.
An adder comes into view.
Unknown command.
The adder hisses angrily.
Natasha casts a spell at you. The magic dart hits you.
You die...

#.# .#
####>#.((#
#..(.(((.#
#5##.#...#
##.##........
#....##...##.
####..#.....##
#.h.....#.#>#
#@##...$....#
#.##.##.###.#
.....# ># #
#..S#.# ..
.###..# o. ..
... .. .. ..#
#. .#


You could see Natasha and an adder.

Vanquished Creatures
  2 bullfrog zombies (D:5)
  A hound (D:4)
  A centaur skeleton (D:5)
  3 jackals (D:4)
  A ball python (D:4)
8 creatures vanquished.

Notes
Turn   | Place    | Note
-------+----------+-------------------------------------------
     0 | D:5      | Brandom the Demonspawn Delver began the quest for the Orb.
     0 | D:5      | Reached XP level 1. HP: 18/18 MP: 1/1
     1 | D:5      | Noticed a hound
    15 | D:5      | Found a staircase to the Ecumenical Temple.
    26 | D:5      | Gained mutation: You are partially covered in yellow
                  | scales. (AC +2) [demonic ancestry]
    26 | D:5      | Reached XP level 2. HP: 6/24 MP: 2/2
    26 | D:5      | Gained mutation: Spells you cast may paralyse adjacent
                  | enemies. [demonic ancestry]
    26 | D:5      | Reached XP level 3. HP: 7/29 MP: 3/3
    30 | D:5      | Reached skill level 1 in Armour
   321 | D:5      | Reached XP level 4. HP: 17/37 MP: 4/4
   323 | Temple   | Entered the Ecumenical Temple
   607 | Temple   | Became a worshipper of Warmaster Okawaru
   649 | D:5      | Noticed Edmund
   763 | D:4      | Noticed Natasha
   773 | D:4      | HP: 1/37 [Natasha/magic dart (7)]
   781 | D:4      | Killed from afar by Natasha

Illustrated notes

Levels and vault maps discovered:
D:4:      layout_loops_cross, grunt_decor_clamped, uniq_duvessa, uniq_natasha
D:5:      minmay_opposing_rooms, layout_rooms, amethyst_overflow_temple_binary,
          temple_hall, serial_shops, kennysheep_little_box, minivault_24,
          uniq_edmund
Temple:   eino_temple_lava

Skill      XL: |  1  2  3  4 |
---------------+-------------+-----
Long Blades    | 2 3 |  3.0
Dodging        | 2 |  2.5
Armour         | 1 |  1.3
Fighting       | 4 |  4.0
Stealth        | |  4.5

Action                   |  1- 3 |  4- 6 || total
-------------------------+-------+-------++-------
Melee: Falchion          |    27 |    27 ||    54
Throw: Dart              |       |     7 ||     7
  Use: Scroll            |       |     1 ||     1
 Stab: Sleeping          |     1 |       ||     1
Armor: Leather armour    |    15 |     9 ||    24
Dodge: Dodged            |    30 |    34 ||    64
       Rpst.: Falchion   |     8 |    13 ||    21

Table legend: (Time is in decaauts)
 A = Elapsed time spent in this place.
 B = Non-inter-level travel time spent in this place.
 C = Inter-level travel time spent in this place.
 D = Time resting spent in this place.
 E = Time spent auto-exploring this place.
 F = Levels seen in this place.
 G = Mean time per level.
                   A        B        C        D        E       F      G
               +--------+--------+--------+--------+--------+-----+--------+
         Total |    790 |    790 |      0 |    302 |    218 |   3 |  263.3 |
       Dungeon |    493 |    493 |      0 |    302 |     12 |   2 |  246.5 |
        Temple |    296 |    296 |      0 |      0 |    206 |   1 |  296.0 |
               +--------+--------+--------+--------+--------+-----+--------+

Top non-repeatable levels by time:
     D:5: 410 daAuts
  Temple: 296 daAuts
     D:4: 82 daAuts
